 Dungeon Crawl Stone Soup version 0.24-a0-84-g25a2d9f (webtiles) character file.

Game seed: 7382313113570810242

9195 Zug the Covert (level 11, -3/58 HPs)
             Began as a Vine Stalker Assassin on Feb 7, 2019.
             Was a Believer of Wu Jian.
             Killed from afar by a gargoyle (24 damage)
             ... with a stone arrow
             ... on level 11 of the Dungeon.
             The game lasted 00:33:10 (10674 turns).

Zug the Covert (Vine Stalker Assassin)             Turns: 10674, Time: 00:33:10

Health: -3/58      AC: 17    Str: 17    XL:     11   Next: 42%
Magic:  0/12       EV: 11    Int: 11    God:    Wu Jian [**....]
Gold:   937        SH:  0    Dex: 16    Spells: 10/10 levels left

rFire    . . .     SeeInvis .   a - +4 dagger (elec)
rCold    . . .     Gourm    +   (no shield)
rNeg     . . .     Faith    .   n - +0 ring mail
rPois    +         Spirit   +   j - +0 helmet
rElec    .         Reflect  .   d - +2 cloak
rCorr    .         Harm     .   (no gloves)
MR       +....                  o - +2 pair of boots
Stlth    ++++......             E - amulet of the gourmand
HPRegen  0.59/turn              C - ring of poison resistance
MPRegen  0.13/turn              c - +3 ring of protection

@: no status effects
A: fangs 3, regeneration 1, magic shield, antimagic bite, no potion heal 3, rot
immunity
a: Wall Jump, Renounce Religion


You were on level 11 of the Dungeon.
You worshipped Wu Jian.
Wu Jian was pleased with you.
You were very full.

You visited 2 branches of the dungeon, and saw 12 of its levels.
You also visited: Sewer.

You collected 937 gold pieces.

Inventory:

Hand Weapons
 a - a +4 dagger of electrocution (weapon)
 b - a +0 dagger of venom
 l - a +0 blowgun
 m - a +0 falchion of venom
 t - the +6 whip "Tiac" {chaos, rF+ rN+ Int+2}
   (You found it on level 4 of the Dungeon)

   Each time it hits an enemy it has a different, random effect.
   It affects your intelligence (+2).
   It protects you from fire.
   It protects you from negative energy.
 M - a +0 trident
 P - a +1 dagger of holy wrath
Missiles
 e - 69 poisoned needles
 f - 2 curare-tipped needles
 x - 9 tomahawks of returning (quivered)
 B - a throwing net
 D - 8 javelins
Armour
 d - a +2 cloak (worn)
 j - a +0 helmet (worn)
 n - a +0 ring mail (worn)
 o - a +2 pair of boots (worn)
 N - a +0 leather armour of fire resistance
Jewellery
 c - a +3 ring of protection (right hand)
 y - an uncursed ring of ice
 C - a ring of poison resistance (left hand)
 E - an amulet of the gourmand (around neck)
 H - an uncursed ring of resist corrosion
 S - an uncursed ring of magical power
Wands
 u - a wand of clouds (3)
 z - a wand of paralysis (8)
 F - a wand of iceblast (10)
 I - a wand of acid (3)
 T - a wand of random effects (12)
Scrolls
 h - 5 scrolls of remove curse
 k - 4 scrolls of immolation
 r - 6 scrolls of teleportation
 A - 3 scrolls of fog
Potions
 p - a potion of lignification
 q - 3 potions of resistance
 s - a potion of invisibility
 v - a potion of magic {unknown}
 w - 9 potions of curing
 G - 2 potions of might
 J - 3 potions of flight
 O - a potion of haste
Comestibles
 g - 26 rations
 i - 2 chunks of flesh


   Skills:
 + Level 6.4 Fighting
 + Level 9.7 Short Blades
 - Level 1.7 Throwing
 + Level 7.7 Armour
 - Level 0.7 Dodging
 + Level 11.9 Stealth


You had 10 spell levels left.
You didn't know any spells.
Your spell library contained the following spells:

 Spells                   Type           Power        Failure   Level  Hunger
 Corona                   Hex            #......      52%         1    ##.....
 Ensorcelled Hibernation  Hex/Ice        #.....       65%         2    ###....
 Confuse                  Hex            #.......     87%         3    ####...
 Dazzling Spray           Conj/Hex       #.....       87%         3    ####...
 Tukima's Dance           Hex            #.......     87%         3    ####...
 Bolt of Magma            Conj/Fire/Erth #.........   100%        5    ######.
 Iskenderun's Battlesphe  Conj/Chrm      #.......     100%        5    ######.
 Venom Bolt               Conj/Pois      #.........   100%        5    ######.
 Iron Shot                Conj/Erth      #.........   100%        6    #######
 Orb of Destruction       Conj           #.........   100%        7    #######
 Spellforged Servitor     Conj/Summ      #.........   100%        7    #######


Dungeon Overview and Level Annotations

Branches:
Dungeon (11/15)            Temple (1/1) D:6            Lair (0/6) D:11
    Orc (0/2) D:9

Altars:
Ashenzari
Cheibriados
Dithmenos
Elyvilon
Fedhas
Gozag
Hepliaklqana
Kikubaaqudgha
Makhleb
Nemelex Xobeh
Okawaru
Qazlal
Ru
Sif Muna
Trog
Uskayaw
Vehumet
Wu Jian
Xom
Yredelemnul
Zin
The Shining One
Beogh

Shops:
D:9 %   D:11 (

Annotations:
D:2 exclusion: downstairs
D:8 exclusion: downstairs
D:9 exclusion: downstairs


Innate Abilities, Weirdness & Mutations

You have razor-sharp teeth.
Your natural rate of healing is unusually fast.
When hurt, damage is shared between your health and your magic reserves.
Your bite disrupts and absorbs the magic of your enemies.
Potions cannot restore your health.
You are immune to rotting.


Message History

The gargoyle hurls a stone arrow at you.
The stone arrow hits you!!
You are too injured to fight recklessly!
You are too injured to fight recklessly!
You are too injured to fight recklessly!
You barely miss the gargoyle.
The gargoyle is moderately damaged.
You closely miss the gargoyle.
You bite the gargoyle, but do no damage.
The gargoyle is moderately damaged.
The gargoyle hurls a stone arrow at you.
The stone arrow misses you.
You hit the gargoyle but do no damage.
You bite the gargoyle, but do no damage.
The gargoyle is moderately damaged.
You hit the gargoyle but do no damage.
The gargoyle is moderately damaged.
The gargoyle hurls a stone arrow at you.
The stone arrow hits you!!
You die...

#.........#
#.........+
#.........#
#.........# .#
#####.....##...#######
#.###.##..(.......#
#>.H...+..........+
#.#9####..........#
#.#@##.(..........#
###.##.##.........
#.##.........#
#............#
#####[.......#
#........# #..^.....#
#........# ##........#


You could see a manticore and a gargoyle.

Vanquished Creatures
  A hydra (D:11)
  An unseen horror (D:10)
  An elephant (D:11)
  A troll (D:11)
  A hornet (D:9)
  5 slime creatures
  3 hippogriffs
  Prince Ribbit (D:5)
  A yak (D:11)
  A basilisk (D:11)
  A hungry ghost (D:8)
  A steam dragon (D:9)
  An acid dragon (D:11)
  2 insubstantial wisps (D:8)
  2 soldier ants
  6 orc warriors
  3 sky beasts (D:8)
  2 ice beasts
  A hornet zombie (D:8)
  A phantom (D:8)
  3 ogres
  A centaur (D:10)
  A crocodile (D:11)
  A big kobold (D:10)
  3 bullfrogs
  A water moccasin zombie (D:10)
  7 scorpions
  4 wights (D:6)
  4 howler monkeys
  3 electric eels (D:7)
  3 crimson imps
  3 hounds
  12 orc wizards
  7 orc priests
  4 bullfrog skeletons
  3 centaur skeletons
  An iguana (D:6)
  6 worker ants
  3 worker ant zombies
  Robin (D:4)
  5 gnolls
  11 adders
  A river rat (D:5)
  3 shadow imps
  3 oozes
  7 worms
  2 dart slugs (D:1)
  3 leopard geckos
  67 orcs
  9 giant cockroaches
  24 goblins
  14 hobgoblins
  13 jackals
  4 quokkas
  A ball python (D:1)
  15 bats
  6 frilled lizards
  7 kobolds
  5 rats
307 creatures vanquished.

Notes
Turn   | Place    | Note
-------+----------+-------------------------------------------
     0 | D:1      | Zug the Vine Stalker Assassin began the quest for the Orb.
     0 | D:1      | Reached XP level 1. HP: 11/11 MP: 2/2
   182 | D:1      | Reached skill level 5 in Stealth
   348 | D:1      | Reached XP level 2. HP: 8/15 MP: 1/3
   724 | D:1      | Reached skill level 6 in Stealth
   724 | D:1      | Reached XP level 3. HP: 14/18 MP: 2/4
  1053 | D:2      | Found a snail-covered altar of Cheibriados.
  1083 | D:2      | Found a faded altar of an unknown god.
  1237 | D:2      | Gained mutation: Your natural rate of healing is unusually
                  | fast. [Vine Stalker growth]
  1237 | D:2      | Reached XP level 4. HP: 5/23 MP: 1/5
  1696 | D:2      | Found a glowing silver altar of Zin.
  1889 | D:3      | Reached skill level 7 in Stealth
  2264 | D:3      | Reached XP level 5. HP: 23/26 MP: 6/6
  2900 | D:3      | Reached XP level 6. HP: 28/30 MP: 5/7
  2905 | D:3      | Reached skill level 8 in Stealth
  3791 | D:4      | Reached XP level 7. HP: 34/34 MP: 8/8
  4088 | D:4      | Got a crude whip
  4089 | D:4      | Identified the +6 whip "Tiac" {chaos, rF+ rN+ Int+2} (You
                  | found it on level 4 of the Dungeon)
  4161 | D:4      | Noticed Robin
  4216 | D:4      | Killed Robin
  4412 | D:5      | Entered Level 5 of the Dungeon
  4421 | D:5      | Reached skill level 9 in Stealth
  4493 | D:5      | Reached skill level 5 in Short Blades
  4525 | D:5      | Noticed Prince Ribbit
  4534 | D:5      | Killed Prince Ribbit
  4613 | D:5      | Gained mutation: You have razor-sharp teeth. [Vine Stalker
                  | growth]
  4613 | D:5      | Reached XP level 8. HP: 28/38 MP: 5/9
  4762 | D:5      | Reached skill level 10 in Stealth
  4944 | D:5      | Found a glowing drain.
  4950 | Sewer    | Entered a sewer
  5692 | D:6      | Found a runed translucent door.
  6054 | D:6      | Found a staircase to the Ecumenical Temple.
  6066 | D:6      | Reached skill level 1 in Armour
  6322 | Temple   | Entered the Ecumenical Temple
  6545 | D:6      | Found a roughly hewn altar of Beogh.
  6647 | D:7      | Found a hazy altar of Hepliaklqana.
  6662 | D:7      | Reached XP level 9. HP: 43/43 MP: 10/10
  7123 | D:8      | Found a shimmering altar of Xom.
  7240 | D:8      | Found a white marble altar of Elyvilon.
  7709 | D:8      | Found a sacrificial altar of Ru.
  7722 | D:8      | Reached skill level 5 in Armour
  7752 | D:8      | Found an iron altar of Okawaru.
  7758 | D:8      | Found a sparkling altar of Nemelex Xobeh.
  7960 | D:8      | Reached XP level 10. HP: 45/50 MP: 11/11
  8609 | D:9      | Found an ornate altar of the Wu Jian Council.
  8620 | D:9      | Found Uxkynas's Food Emporium.
  8644 | D:9      | Became a worshipper of the Wu Jian Council
  8676 | D:9      | Paralysed by a hornet for 1 turns
  8730 | D:8      | Reached skill level 5 in Fighting
  8833 | D:9      | Found a deep blue altar of Sif Muna.
  8956 | D:9      | Found a staircase to the Orcish Mines.
  9105 | D:10     | Entered Level 10 of the Dungeon
  9805 | D:10     | Reached * piety under Wu Jian
  9823 | D:10     | Reached XP level 11. HP: 56/56 MP: 12/12
 10045 | D:10     | Killed an unseen horror
 10045 | D:10     | Reached skill level 11 in Stealth
 10167 | D:11     | Noticed a seven-headed hydra
 10173 | D:11     | Killed a seven-headed hydra
 10464 | D:11     | Found a staircase to the Lair.
 10544 | D:11     | Found Zauwitoa's Antique Weapon Emporium.
 10578 | D:11     | Reached ** piety under Wu Jian
 10641 | D:11     | Noticed a manticore
 10674 | D:11     | Killed from afar by a gargoyle

Levels and vault maps discovered:

Skill      XL: |  1  2  3  4  5  6  7  8  9 10 11 |
---------------+----------------------------------+-----
Stealth        | 5 6 7 8 9 10 11 | 11.9
Short Blades   | 2 3 4 5 7 8 9 |  9.7
Fighting       | 2 4 5 6 |  6.4
Armour         | 2 5 7 |  7.7
Throwing       | |  1.7
Dodging        | |  0.7

Action                   |  1- 3 |  4- 6 |  7- 9 | 10-12 || total
-------------------------+-------+-------+-------+-------++-------
Melee: Dagger            |    85 |   202 |   166 |   337 ||   790
       Bite              |    15 |    53 |   129 |   110 ||   307
       Whip              |       |       |   281 |       ||   281
 Fire: Blowgun           |       |     2 |       |       ||     2
Throw: Tomahawk          |       |       |       |     5 ||     5
Invok: Lunge             |       |       |       |    23 ||    23
       Whirlwind         |       |       |       |    13 ||    13
Evoke: Wand              |       |       |     3 |       ||     3
  Use: Potion            |       |     2 |     4 |       ||     6
       Scroll            |       |       |    11 |    14 ||    25
 Stab: Sleeping          |     8 |    11 |    15 |    12 ||    46
       Distracted        |       |     2 |     1 |     1 ||     4
       Confused          |       |       |     1 |       ||     1
       Petrified         |       |       |     2 |       ||     2
  Eat: Chunk             |     1 |     8 |    27 |    16 ||    52
Armor: Robe              |     5 |       |       |       ||     5
       Ring mail         |    40 |    73 |   272 |   105 ||   490
Dodge: Dodged            |    59 |    68 |   238 |    92 ||   457

Table legend:
 A = Non-vault XP
 B = Vault XP
 C = Vault XP percentage of total XP
 D = Non-vault monster count
 E = Vault monster count
 F = Vault count percentage of total count
                 A         B        C        D         E       F
            +---------+---------+-------+---------+---------+-------
      Total |    9584 |    3553 |  27.0 |     198 |     109 |  35.5
            +---------+---------+-------+---------+---------+-------
        D:1 |      45 |       0 |   0.0 |      16 |       0 |   0.0
        D:2 |     157 |       4 |   2.5 |      21 |       2 |   8.7
        D:3 |     118 |       0 |   0.0 |      26 |       0 |   0.0
        D:4 |     304 |     124 |  29.0 |      11 |      21 |  65.6
        D:5 |     459 |     281 |  38.0 |      22 |       7 |  24.1
        D:6 |     400 |     353 |  46.9 |      16 |      25 |  61.0
        D:7 |     592 |       0 |   0.0 |      13 |       0 |   0.0
        D:8 |    1297 |     892 |  40.7 |      16 |      14 |  46.7
        D:9 |     957 |     868 |  47.6 |      14 |      14 |  50.0
       D:10 |    3433 |       0 |   0.0 |      33 |       0 |   0.0
       D:11 |    1822 |     963 |  34.6 |      10 |       4 |  28.6
      Sewer |       0 |      68 | 100.0 |       0 |      22 | 100.0
            +---------+---------+-------+---------+---------+-------
